 Dungeon Sprint DCSS version 0.30-a0-54-g2e61a25929 (webtiles) character file.

Game seed: 11430332317758997192

914 Ankalagon the Black Belt (level 7, -10/63 HPs)
             Began as a Green Draconian Monk on Sept 7, 2022.
             Was an Initiate of Gozag.
             Mangled by Menkaure (14 damage)
             ... in the Dungeon (Sprint II: "The Violet Keep of Menkaure").
             The game lasted 00:02:02 (426 turns).

Ankalagon the Black Belt (Green Draconian Monk)      Turns: 426, Time: 00:02:02

Health: -10/63     AC:  6    Str: 14    XL:     7   Next: 82%
Magic:  7/7        EV: 14    Int: 10    God:    Gozag
Gold:   360        SH:  0    Dex: 15    Spells: 6/6 levels left

rFire   . . .      SeeInvis .      - Unarmed
rCold   . . .      Faith    .    (no shield)
rNeg    . . .      Spirit   .    (body armour unavailable)
rPois   +          Reflect  .    (helmet restricted)
rElec   .          Harm     .    (no cloak)
rCorr   .          Rampage  .    (no gloves)
Will    .....      NoTele   +    (no boots)
Stlth   +++.......               (no amulet)
HPRegen 0.20/turn                (no ring)
MPRegen 0.10/turn                (no ring)

@: short of breath, gold aura
A: breathe noxious fumes, AC +6, unfitting armour, poison resistance,
cold-blooded
a: Breathe Noxious Fumes, Renounce Religion, Potion Petition, Call Merchant,
Bribe Branch


You were in the Dungeon.
You worshipped Gozag.
Gozag was aware of your devotion.
You visited 1 branch You collected 360 gold pieces.

Inventory:

Scrolls
 g - a scroll of blinking
Potions
 e - 2 potions of magic


   Skills:
 - Level 6.1 Fighting
 - Level 5.0 Dodging
 - Level 4.9 Stealth
 + Level 15.2 Unarmed Combat


You had 6 spell levels left.
You didn't know any spells.
Your spell library was empty.

Dungeon Overview and Level Annotations

Branches:
Dungeon (1/1)

Altars:
Cheibriados
Dithmenos
Elyvilon
Fedhas
Gozag
Hepliaklqana
Kikubaaqudgha
Makhleb
Nemelex Xobeh
Okawaru
Qazlal
Ru
Sif Muna
Trog
Uskayaw
Vehumet
Wu Jian
Xom
Yredelemnul
Zin
The Shining One
Jiyva
Lugonu

Shops:
D [!:(?==?[!!((=:

Annotations:
D exclusions: ice statue and oklob plant, Menkaure


Innate Abilities, Weirdness & Mutations

You can breathe blasts of noxious fumes.
Your lurid green scales are hard. (AC +6)
You cannot fit into any form of body armour.
Your system is resistant to poisons. (rPois)
You are cold-blooded and may be slowed by cold attacks.


Message History

You feel yourself slow down.
You start resting.
The great orb of eyes pulsates ominously. x2
The walls and floor vibrate strangely for a moment.
You start resting.
Menkaure, Prince of Dust comes into view.
The great orb of eyes pulsates ominously.
There is an entrance to Inurin's Distillery here.
There is an entrance to Poogeg's Antique Armour Emporium here.
There is an entrance to Tyss's Weapon Shoppe here.
The merfolk siren shouts!
Menkaure shouts!
Menkaure mumbles some strange words.
Menkaure seems to speed up.
Aiming: Breathe Noxious Fumes (5% risk of failure)
Press: ? - help, Shift-Dir - straight line, f - merfolk siren
Aim: a merfolk siren, wielding a +0 trident (50% to hit)
You exhale a blast of noxious fumes.
The blast of choking fumes misses the merfolk siren.
The merfolk siren is engulfed in noxious fumes.
The merfolk siren appears confused.
The merfolk siren barely misses you.
The merfolk siren hits itself with a +0 trident!
You punch the merfolk siren!
Your tail-slap misses the merfolk siren.
The merfolk siren is heavily wounded.
Menkaure misses you.
You pummel the merfolk siren!!
You kill the merfolk siren!
Menkaure barely misses you.
Your Unarmed Combat skill gained 2 levels and is now at level 15!
You hit Menkaure. You punch Menkaure.
Menkaure is lightly damaged.
Menkaure hits you!!
* * * LOW HITPOINT WARNING * * *
You punch Menkaure!
Menkaure is heavily damaged.
Menkaure giggles, "These cerements are ticklish..."
Menkaure hits you!
You die...
Your body crumbles into a pile of gold.

$ $ ~## ############~~#++
###########~~~...
##.......∩#~~~~.# .. $
##∩.....∩.#~~~~## $ .###
##.∩...∩.∩#~~~~#3# ...
##∩.∩...∩.#~~### .## ###..
##.∩.∩.∩..#~##. #+###.##.
##..∩.∩.M@#~#...##.##..##.
##...⌠....°~'.#$+.<.'##.'.
##........#~#...##.##..##.
#▓▓▓▓▓▓▓###~##.###+###.##.
##|$D######~~### .#. ###§§
#$.G#GG ##~~~#.B B.#~~§§
#∩P)+G$#+ #'#~##. $##~~~~
#)$$#!##.##$#~~##+##~~~≈≈
#?.$###..○####~~~~~~~~~§≈


You could see a fire dragon, a great orb of eyes, an oklob plant and Menkaure
(fast).

Vanquished Creatures
  A merfolk siren (D)
  A vampire mosquito (D)
  2 water moccasins (D)
  4 scorpions (D)
8 creatures vanquished.

Notes
Turn   | Place    | Note
-------+----------+-------------------------------------------
     0 | D        | Ankalagon the Draconian Monk began the quest for the Orb.
     0 | D        | Reached XP level 1. HP: 19/19 MP: 1/1
     1 | D        | Noticed a scorpion
     1 | D        | Noticed a scorpion
     1 | D        | Noticed a scorpion
     1 | D        | Noticed a scorpion
     7 | D        | Killed a scorpion
     8 | D        | Reached skill level 5 in Fighting
     8 | D        | Reached skill level 4 in Unarmed Combat
     8 | D        | Reached XP level 2. HP: 29/29 MP: 2/2
     8 | D        | Reached XP level 3. HP: 36/36 MP: 3/3
    13 | D        | Killed a scorpion
    14 | D        | Reached skill level 5 in Dodging
    14 | D        | Reached skill level 5 in Unarmed Combat
    14 | D        | Reached XP level 4. HP: 44/44 MP: 4/4
    15 | D        | Killed a scorpion
    16 | D        | Reached skill level 7 in Unarmed Combat
    16 | D        | Reached XP level 5. HP: 50/50 MP: 5/5
    18 | D        | Reached skill level 9 in Unarmed Combat
    57 | D        | Noticed a water moccasin
    58 | D        | Noticed a boulder beetle
    58 | D        | Noticed a boulder beetle
    78 | D        | Killed a water moccasin
    79 | D        | Reached skill level 11 in Unarmed Combat
    79 | D        | Reached XP level 6. HP: 35/57 MP: 6/6
   251 | D        | Noticed a neqoxec
   254 | D        | Noticed a merfolk siren
   265 | D        | Found a stormy altar of Qazlal.
   265 | D        | Found an ornate altar of the Wu Jian Council.
   266 | D        | Found a hazy altar of Hepliaklqana.
   266 | D        | Found a sacrificial altar of Ru.
   266 | D        | Found a shimmering altar of Xom.
   267 | D        | Found a viscous altar of Jiyva.
   267 | D        | Found a shimmering blue altar of Sif Muna.
   268 | D        | Found a snail-covered altar of Cheibriados.
   268 | D        | Found an ancient bone altar of Kikubaaqudgha.
   268 | D        | Found a bloodstained altar of Trog.
   268 | D        | Found a glowing golden altar of the Shining One.
   268 | D        | Found a basalt altar of Yredelemnul.
   269 | D        | Found a shadowy altar of Dithmenos.
   269 | D        | Found a corrupted altar of Lugonu.
   270 | D        | Found a white marble altar of Elyvilon.
   270 | D        | Found a burning altar of Makhleb.
   271 | D        | Found a blossoming altar of Fedhas.
   273 | D        | Found an opulent altar of Gozag.
   273 | D        | Found a hide-covered altar of Uskayaw.
   273 | D        | Found a sparkling altar of Nemelex Xobeh.
   274 | D        | Found a glowing silver altar of Zin.
   274 | D        | Found a radiant altar of Vehumet.
   274 | D        | Found an iron altar of Okawaru.
   276 | D        | Noticed a water moccasin
   277 | D        | Noticed a water moccasin
   280 | D        | Noticed a water moccasin
   280 | D        | Noticed a flying skull
   281 | D        | Became a worshipper of Gozag Ym Sagoz the Greedy
   282 | D        | Noticed a flying skull
   302 | D        | Noticed an ice statue
   307 | D        | Found Lida's Distillery.
   309 | D        | Found Jycaiqye's Antique Armour Emporium.
   310 | D        | Noticed a vampire mosquito
   311 | D        | Found Vuic's Magic Scroll Shoppe.
   311 | D        | Found Gokus's Book Emporium.
   311 | D        | Found Mypa's Distillery.
   312 | D        | Found Zuriravomn's Jewellery Shoppe.
   312 | D        | Found Uvobiwk's Antique Weapon Emporium.
   312 | D        | Found Saurei's Jewellery Emporium.
   312 | D        | Found Tyss's Weapon Shoppe.
   313 | D        | Found Eboal's Jewellery Shoppe.
   315 | D        | Found Ubbuetse's Magic Scroll Emporium.
   315 | D        | Found Nofov's Weapon Shoppe.
   315 | D        | Noticed a water moccasin
   315 | D        | Noticed a fire dragon
   315 | D        | Noticed an oklob plant
   316 | D        | Found Inurin's Distillery.
   316 | D        | Found Poogeg's Antique Armour Emporium.
   316 | D        | Found Evvioc's Book Shoppe.
   319 | D        | Noticed a great orb of eyes
   328 | D        | Killed a vampire mosquito
   329 | D        | Reached skill level 12 in Unarmed Combat
   350 | D        | Killed a water moccasin
   351 | D        | Reached skill level 13 in Unarmed Combat
   351 | D        | Your scales start taking on a lurid green colour.
   351 | D        | Reached XP level 7. HP: 25/63 MP: 7/7
   351 | D        | Gained mutation: Your system is resistant to poisons.
                  | (rPois) [Green Draconian growth]
   358 | D        | Noticed a shining eye
   358 | D        | Noticed a shining eye
   360 | D        | Noticed a shining eye
   402 | D        | Noticed Menkaure
   424 | D        | Killed a merfolk siren
   425 | D        | Reached skill level 15 in Unarmed Combat
   425 | D        | HP: 3/63 [Menkaure (18)]
   426 | D        | Mangled by Menkaure

Illustrated notes

Levels and vault maps discovered:
D:        the_violet_keep_of_menkaure [sprint2_stairs_cluster_1,
          sprint2_shoproom, sprint2_temple, sprint2_basic_supplies,
          sprint2_obstacle_2, sprint2_obstacle_5, sprint2_obstacle_4,
          sprint2_obstacle_3, sprint2_obstacle_7, sprint2_timed_cluster_1,
          sprint2_smallroom_cluster_1, sprint2_smallroom_final_cluster_1,
          sprint2_transparent_cluster_1, sprint2_second_timed_cluster_1,
          sprint2_sniper_area_1, sprint2_heavy_combat_area_1,
          sprint2_mutation_trap_area_1, sprint2_forest_area_1,
          sprint2_light_combat_area_1, sprint2_behind_water_1,
          sprint2_near_end_vault_1]

Skill      XL: |  1  2  3  4  5  6  7 |
---------------+----------------------+-----
Fighting       | 5 6 |  6.1
Dodging        | 4 5 |  5.0
Stealth        | 4 |  4.9
Unarmed Combat | 4 5 7 11 13 15 | 15.2

Action                   |  1- 3 |  4- 6 |  7- 9 || total
-------------------------+-------+-------+-------++-------
Melee: Unarmed           |    10 |    39 |     4 ||    53
       Tailslap          |     3 |     5 |       ||     8
       Punch             |       |     3 |     1 ||     4
 Abil: Breathe Noxious F |       |       |     1 ||     1
  Use: Potion            |     1 |     4 |       ||     5
Armor: Skin              |     1 |     9 |       ||    10
Dodge: Dodged            |     4 |    34 |     3 ||    41

Table legend: (Time is in decaauts)
 A = Elapsed time spent in this place.
 B = Non-inter-level travel time spent in this place.
 C = Inter-level travel time spent in this place.
 D = Time resting spent in this place.
 E = Time spent auto-exploring this place.
 F = Levels seen in this place.
 G = Mean time per level.
                   A        B        C        D        E       F      G
               +--------+--------+--------+--------+--------+-----+--------+
         Total |    423 |    423 |      0 |    252 |      0 |   1 |  423.0 |
       Dungeon |    423 |    423 |      0 |    252 |      0 |   1 |  423.0 |
               +--------+--------+--------+--------+--------+-----+--------+

Top non-repeatable levels by time:
       D: 423 daAuts
